 Dungeon Sprint DCSS version 0.19-a0-1341-g3513869 (webtiles) character file.

1460 lost the Bludgeoner (level 8, -7/89 HPs)
             Began as an Ogre Gladiator on Sept 1, 2016.
             Was an Elder of Qazlal.
             Killed from afar by a merfolk (9 damage)
             ... with an exploding inner flame
             ... hexed by the player character
             ... in the Dungeon (Sprint V: "Ziggurat Sprint").
             The game lasted 00:03:16 (491 turns).

lost the Bludgeoner (Ogre Gladiator)                 Turns: 491, Time: 00:03:17

Health: -7/89      AC: 20    Str: 35    XL:     8   Next: 76%
Magic:  13/14      EV:  7    Int:  7    God:    Qazlal [****..]
Gold:   0          SH:  5    Dex: 10    Spells: 0 memorised, 7 levels left

rFire  + + +     SeeInvis .     M - +7 great mace "Firestarter" {inner flame, rF++}
rCold  + . .     Gourm    .     l - +5 gold dragon armour
rNeg   . . .     Faith    .     (shield currently unavailable)
rPois  +         Spirit   .     c - +0 hat
rElec  .         Dismiss  .     (no cloak)
rCorr  .         Reflect  .     (gloves unavailable)
MR     .....     Harm     .     (boots unavailable)
Stlth  .......... NoTele   +    (no amulet)
                                F - +6 ring of strength
                                G - +6 ring of strength

@: repel missiles
A: unfitting armour, tough skin 1
a: Upheaval, Elemental Force, Renounce Religion


You were in the Dungeon.
You worshipped Qazlal.
Qazlal was greatly pleased with you.
You were not hungry.

You visited 1 branch

Inventory:

Hand Weapons
 a - a +0 flail
 L - the +10 dark maul {crush}
   (You found it in the Dungeon)

   It inflicts extra damage upon your enemies.
 M - the +7 great mace "Firestarter" (weapon) {inner flame, rF++}
   (You found it in the Dungeon)

   It has been specially enchanted to burn those struck by it, causing extra
   injury to most foes and up to half again as much damage against particularly
   susceptible opponents.
   It greatly protects you from fire.
 N - a +5 giant spiked club
Missiles
 d - 3 throwing nets (quivered)
Armour
 b - a +0 robe
 c - a +0 hat (worn)
 l - a +5 gold dragon armour (worn)
Jewellery
 B - a +6 ring of dexterity
 C - a +6 ring of dexterity
 D - a +6 ring of intelligence
 E - a +6 ring of intelligence
 F - a +6 ring of strength (right hand)
 G - a +6 ring of strength (left hand)
 O - an uncursed ring of magical power
Wands
 H - a wand of disintegration (7/24)
 I - a wand of iceblast (1/15)
 J - a wand of lightning (5/15)
 K - a wand of acid (5/15)
Scrolls
 k - 4 scrolls of blinking
 s - 4 scrolls of amnesia
 t - 3 scrolls of recharging
 u - 7 scrolls of fog
 v - a scroll of holy word
 w - 5 scrolls of identify
 x - 5 scrolls of remove curse
 y - 2 scrolls of fear
Potions
 e - 10 potions of curing
 g - 7 potions of heal wounds
 h - 6 potions of haste
 i - 7 potions of magic
 j - 3 potions of berserk rage
 m - 2 potions of brilliance
 n - a potion of invisibility
 o - 4 potions of resistance
 p - a potion of experience
 q - 5 potions of agility
 r - 4 potions of might
Miscellaneous
 P - a lamp of fire
 Q - a phial of floods
 R - a phantom mirror
Comestibles
 f - 5 bread rations
 z - 42 fruits
 A - 4 meat rations


   Skills:
 + Level 8.3 Fighting
 * Level 16.6 Maces & Flails
 - Level 2.0 Throwing
 + Level 3.7 Armour
 + Level 8.1 Dodging
 * Level 8.1 Invocations


You had 7 spell levels left.
You didn't know any spells.

Dungeon Overview and Level Annotations

Branches:
Dungeon (1/1)

Altars:
Ashenzari
Cheibriados
Dithmenos
Elyvilon
Fedhas
Gozag
Hepliaklqana
Kikubaaqudgha
Makhleb
Nemelex Xobeh
Okawaru
Qazlal
Ru
Sif Muna
Trog
Uskayaw
Vehumet
Xom
Yredelemnul
Zin
The Shining One
Beogh
Jiyva
Lugonu


Innate Abilities, Weirdness & Mutations

You are too large for most types of armour.
You have tough skin. (AC +1)


Message History

The merfolk is almost dead.
The merfolk hits you from afar with a trident!
* * * LOW HITPOINT WARNING * * *
The merfolk is struck by lightning.
The merfolk hits you with a trident.
* * * LOW HITPOINT WARNING * * *
The merfolk hits you with a trident.
* * * LOW HITPOINT WARNING * * *
The merfolk hits you with an enchanted trident.
* * * LOW HITPOINT WARNING * * *
Unknown command.
You hit the merfolk. You burn the merfolk.
The merfolk explodes!
The fiery explosion engulfs the merfolk.
You kill the merfolk!
Qazlal accepts your kill.
Your Invocations skill increases to level 8!
The fiery explosion engulfs the merfolk.
The merfolk is moderately wounded.
The fiery explosion engulfs you! You resist.
You die...

▓..(..▓.....▓.....▓
▓..(..▓.....▓▓▓▓▓▓▓
▓▓▓▓▓▓▓▓▓▓▓▓▓▓▓▓▓▓▓
▓..8©8...▓..8©8...▓
▓..\|....▓...)....▓
▓...)....▓....}...▓
▓........▓..§§§...▓
▓..†††...▓.m§§m...▓
▓.▓....▓.▓..§@§...▓
▓........▓..§§.§..▓
▓▓▓▓▓▓▓▓▓▓▓▓▓▓▓▓▓▓▓


You could see 2 merfolk.

Vanquished Creatures
  6 merfolk (D)
  A water moccasin (D)
  2 wolves (D)
  2 mummies (D)
  3 adders (D)
  A bat zombie (D)
15 creatures vanquished.

Vanquished Creatures (others)
  A spatial maelstrom (D)
1 creature vanquished.

Grand Total: 16 creatures vanquished

Notes
Turn   | Place    | Note
-------+----------+-------------------------------------------
     0 | D        | lost the Ogre Gladiator began the quest for the Orb.
     0 | D        | Reached XP level 1. HP: 22/22 MP: 1/1
     8 | D        | Banished a spatial maelstrom
    15 | D        | Found a deep blue altar of Sif Muna.
    15 | D        | Found a sacrificial altar of Ru.
    15 | D        | Found a bloodstained altar of Trog.
    15 | D        | Found a stormy altar of Qazlal.
    15 | D        | Found an iron altar of Okawaru.
    15 | D        | Found a sparkling altar of Nemelex Xobeh.
    15 | D        | Found a blossoming altar of Fedhas.
    17 | D        | Found an ancient bone altar of Kikubaaqudgha.
    17 | D        | Found a viscous altar of Jiyva.
    17 | D        | Found a corrupted altar of Lugonu.
    17 | D        | Found a hazy altar of Hepliaklqana.
    17 | D        | Found a burning altar of Makhleb.
    17 | D        | Found an opulent altar of Gozag.
    40 | D        | Became a worshipper of Qazlal Stormbringer
    58 | D        | Entered arena 1.
    58 | D        | Noticed a wolf
    58 | D        | Noticed a wolf
    59 | D        | Killed a wolf
    59 | D        | Reached skill level 8 in Maces & Flails
    59 | D        | Reached XP level 2. HP: 32/32 MP: 1/4
    59 | D        | Reached XP level 3. HP: 39/39 MP: 1/5
    59 | D        | Reached XP level 4. HP: 48/48 MP: 1/6
    62 | D        | Killed a wolf
    62 | D        | Reached skill level 10 in Maces & Flails
    62 | D        | Reached skill level 5 in Dodging
    62 | D        | Reached XP level 5. HP: 46/55 MP: 1/8
   110 | D        | Entered arena 2.
   112 | D        | Reached * piety under Qazlal
   114 | D        | Reached skill level 5 in Fighting
   115 | D        | Reached skill level 11 in Maces & Flails
   125 | D        | Entered arena 3.
   125 | D        | Noticed a merfolk
   125 | D        | Noticed a merfolk
   125 | D        | Noticed a merfolk
   125 | D        | Noticed a merfolk
   132 | D        | HP: 1/57 [merfolk/trident (10)]
   135 | D        | Killed a merfolk
   135 | D        | Reached ** piety under Qazlal
   135 | D        | Reached skill level 12 in Maces & Flails
   135 | D        | Reached skill level 1 in Armour
   135 | D        | Reached skill level 5 in Invocations
   135 | D        | Reached XP level 6. HP: 34/67 MP: 8/10
   138 | D        | Killed a merfolk
   138 | D        | Reached skill level 13 in Maces & Flails
   138 | D        | Reached XP level 7. HP: 10/76 MP: 8/11
   139 | D        | Killed a merfolk
   139 | D        | Reached skill level 14 in Maces & Flails
   141 | D        | Killed a merfolk
   141 | D        | Reached *** piety under Qazlal
   141 | D        | Reached skill level 15 in Maces & Flails
   141 | D        | Reached XP level 8. HP: 11/88 MP: 8/13
   462 | D        | Entered arena 4.
   476 | D        | Entered arena 5.
   476 | D        | Noticed a merfolk
   476 | D        | Noticed a merfolk
   476 | D        | Noticed a merfolk
   476 | D        | Noticed a merfolk
   476 | D        | Noticed a merfolk
   484 | D        | Killed a merfolk
   484 | D        | Reached **** piety under Qazlal
   484 | D        | Reached skill level 16 in Maces & Flails
   490 | D        | HP: 2/88 [merfolk/enchanted trident (4)]
   491 | D        | Killed a merfolk
   491 | D        | Killed a merfolk
   491 | D        | Killed from afar by a merfolk

Vault maps used:
D:        sprint_v

Skill      XL: |  1  2  3  4  5  6  7  8 |
---------------+-------------------------+-----
Fighting       | 4 6 7 8 |  8.3
Maces & Flails | 8 10 12 13 15 16 | 16.6
Dodging        | 4 5 6 7 8 |  8.1
Invocations    | 3 4 5 6 7 8 |  8.1
Armour         | 1 2 3 |  3.7
Throwing       | |  2.0

Action                   |  1- 3 |  4- 6 |  7- 9 || total
-------------------------+-------+-------+-------++-------
Melee: Great mace        |     1 |     9 |    14 ||    24
Evoke: Wand              |       |       |     4 ||     4
  Use: Potion            |       |     4 |     1 ||     5
 Stab: Invisible         |       |       |     1 ||     1
Armor: Gold dragon armou |       |    24 |    18 ||    42
Dodge: Dodged            |       |     6 |     3 ||     9
Block: Other             |       |     1 |     6 ||     7
